cohdb
Replays
Latest Replays
All Replays
Popular Replays
Top Player Replays
Match Explorer
How It Works
Community
CoH3 Stats
Reddit
Sign in to upload your games and track your stats! →
Sign in with Steam
Match 45390967
Unlisted
Match 45390967
Overview
Messages
Build Orders
End
Kettenkrad Recon Vehicle
Construct Infanterie Kompanie
MG 42 Machine Gun Team
Grenadier Squad
Grenadier Squad
Selects Mechanized Battlegroup
Construct Panzergrenadier Kompanie
Panzergrenadier Squad
Selects Mobile Repair Stations
251 Medium Carrier
Pak 40 Anti-tank Gun Team
Panzergrenadier Squad
Selects Raid Package
Selects Raid Package
Selects Wespe Self-propelled Artillery
Support Elements
251 Medium Carrier
Selects Raid Package
Selects StuG Assault Group
StuG III G Assault Gun
Panzergrenadier Squad
Selects UNKNOWN (2160084)
StuG Assault Group
Selects Wespe Self-propelled Artillery
Wespe Self-propelled Artillery
251 Medium Carrier
Grenadier Squad
MG 42 Machine Gun Team
Panzergrenadier Squad
Zerg6412
Wehearvoices
tf428882
DoMxNightM4rE
💧||CheckO||💧
Zoj
0
0
Comments
sign in to comment!
No comments posted yet!